 Dungeon Crawl Stone Soup version 0.30-a0-219-gf2db51d15e (webtiles) character file.

Game seed: 17459760139159223558

85 Nerdsrcool the Poker (level 4, -1/35 HPs)
             Began as a Human Cinder Acolyte on Oct 7, 2022.
             Was a High Priest of Ignis.
             Slain by an orc
             ... wielding a +0 trident
              (7 damage)
             ... on level 3 of the Dungeon.
             The game lasted 00:07:16 (1156 turns).

Nerdsrcool the Poker (Human Cinder Acolyte)         Turns: 1156, Time: 00:07:16

Health: -1/35      AC:  6    Str: 17    XL:     4   Next: 75%
Magic:  5/5        EV: 10    Int: 14    God:    Ignis [*****.]
Gold:   27         SH:  0    Dex:  8    Spells: 5/5 levels left

rFire   + . .      SeeInvis .    a - -1 spear (flame)
rCold   . . .      Faith    .    (no shield)
rNeg    . . .      Spirit   .    d - +0 ring mail
rPois   .          Reflect  .    (no helmet)
rElec   .          Harm     .    (no cloak)
rCorr   .          Rampage  .    h - +0 pair of gloves
Will    .....                    (no boots)
Stlth   +.........               (no amulet)
HPRegen 0.25/turn                (no ring)
MPRegen 0.09/turn                (no ring)

@: attractive, hasted, very quick
A: no striking features
a: Renounce Religion, Fiery Armour, Foxfire Swarm, Rising Flame


You were on level 3 of the Dungeon.
You worshipped Ignis.
Ignis was extremely pleased with you.
You visited 1 branch of the dungeon, and saw 4 of its levels.

You collected 27 gold pieces.

Inventory:

Hand Weapons
 a - a -1 spear of flaming (weapon)
Armour
 b - a +0 robe
 d - a +0 ring mail (worn)
 h - a +0 pair of gloves (worn)
Scrolls
 c - a scroll of identify
 g - a scroll of enchant weapon {unknown}
Potions
 e - a potion of attraction


   Skills:
 + Level 3.4 Fighting
 + Level 4.0 Polearms
 + Level 0.4 Armour
 + Level 1.1 Dodging
 + Level 0.9 Stealth
 + Level 1.0 Spellcasting
 + Level 3.3 Fire Magic


You had 5 spell levels left.
You didn't know any spells.
Your spell library contained the following spells:

 Spells                   Type           Power      Damage    Failure   Level
 Scorch                   Fire           18%        2d6       19%         2


Dungeon Overview and Level Annotations

Branches:
Dungeon (4/15)
 Temple: D:4-7

Altars:


Message History

You kill the orc!
The orc hits you with a +0 trident.
* * * LOW HITPOINT WARNING * * *
The orc is attracted toward you. The adder is attracted toward you.
Items here: ))) [[ †.
The orc barely misses you. The orc is attracted toward you.
The adder is attracted toward you.
You see here a bat corpse.
The orc hits you but does no damage. The orc is attracted toward you.
The orc is attracted toward you. The adder is attracted toward you.
The orc closely misses you. The orc is attracted toward you.
The adder is attracted toward you. The orc misses you.
The orc is attracted toward you. The adder is attracted toward you.
The orc is attracted toward you. The adder is attracted toward you.
The orc hits you from afar with a +0 trident.
* * * LOW HITPOINT WARNING * * *
The orc is attracted toward you. The adder is attracted toward you.
The orc barely misses you. The orc is attracted toward you.
The adder is attracted toward you. The orc hits you but does no damage.
The orc is attracted toward you. The adder is attracted toward you.
The orc is attracted toward you. The adder is attracted toward you.
The orc barely misses you. The orc is attracted toward you.
The adder is attracted toward you. The orc is attracted toward you.
The orc closely misses you. The orc is attracted toward you.
The adder is attracted toward you.
The orc hits you from afar with a +0 trident.
* * * LOW HITPOINT WARNING * * *
The orc is attracted toward you. The adder is attracted toward you.
The orc is attracted toward you. The adder is attracted toward you.
The orc barely misses you. The orc is attracted toward you.
The adder is attracted toward you. The orc hits you but does no damage.
The orc is attracted toward you. The adder is attracted toward you.
The orc hits you but does no damage. The orc is attracted toward you.
The orc hits you from afar with a +0 trident!
You die...

#.§§§§.#....#
#§######.####
#§# #.# #§# #.#
#§# #.# #§# #>#
#§# #.# #§# #.#
#§# #@# #§# #.#
######§######o#
♣.......§§§§S§.#
♣######.########
#.# #.# #.# #.#


You could see an orc.

Vanquished Creatures
  An orc priest (D:3)
  An orc wizard (D:3)
  An adder (D:2)
  A dart slug (D:1)
  An orc (D:3)
  4 endoplasms (D:1)
  4 goblins (D:1)
  5 hobgoblins (D:1)
  2 jackals (D:1)
  2 quokkas (D:1)
  8 bats
  A frilled lizard (D:2)
  2 kobolds (D:1)
  5 rats
38 creatures vanquished.

Notes
Turn   | Place    | Note
-------+----------+-------------------------------------------
     0 | D:1      | Nerdsrcool the Human Cinder Acolyte began the quest for the
                  | Orb.
     0 | D:1      | Reached XP level 1. HP: 18/18 MP: 2/2
   197 | D:1      | Reached XP level 2. HP: 24/24 MP: 3/3
   387 | D:1      | Reached XP level 3. HP: 29/29 MP: 4/4
   409 | D:1      | Reached skill level 1 in Dodging
  1062 | D:2      | Found a faded altar of an unknown god.
  1067 | D:2      | You fall into a shaft and drop 2 floors!
  1112 | D:3      | Reached XP level 4. HP: 33/35 MP: 5/5
  1134 | D:3      | Reached skill level 4 in Polearms
  1156 | D:3      | Slain by an orc

Illustrated notes

Levels and vault maps discovered:
D:1:      shiori_arrival_oz, layout_loops_ring, serial_forest,
          infiniplex_forest_lined_3, infiniplex_forest_lined_3,
          infiniplex_forest_clump_medium, infiniplex_forest_straight_1,
          infiniplex_forest_corner_2, infiniplex_forest_pool,
          infiniplex_forest_straight_3, infiniplex_forest_corner_2
D:2:      layout_basic, hellmonk_ecumenical_altar_lost_god
D:3:      layout_loops_ring, mainiacjoe_overflow_alcove_1
D:4:      layout_loops_cross, grunt_dithmenos_smoke_and_mirrors,
          trog_antimagical, gammafunk_ghost_cemetery

Skill      XL: |  1  2  3  4 |
---------------+-------------+-----
Dodging        | 1 |  1.1
Polearms       | 4 |  4.0
Fighting       | |  3.4
Armour         | |  0.4
Stealth        | |  0.9
Spellcasting   | |  1.0
Fire Magic     | |  3.3

Action                   |  1- 3 |  4- 6 || total
-------------------------+-------+-------++-------
Melee: Spear             |   137 |    15 ||   152
  Use: Potion            |       |     3 ||     3
       Scroll            |       |     1 ||     1
Armor: Robe              |    10 |       ||    10
       Ring mail         |    60 |     9 ||    69
Dodge: Dodged            |    69 |    15 ||    84

Table legend: (Time is in decaauts)
 A = Elapsed time spent in this place.
 B = Non-inter-level travel time spent in this place.
 C = Inter-level travel time spent in this place.
 D = Time resting spent in this place.
 E = Time spent auto-exploring this place.
 F = Levels seen in this place.
 G = Mean time per level.
                   A        B        C        D        E       F      G
               +--------+--------+--------+--------+--------+-----+--------+
         Total |   1137 |   1105 |     32 |      0 |    737 |   4 |  284.2 |
       Dungeon |   1137 |   1105 |     32 |      0 |    737 |   4 |  284.2 |
               +--------+--------+--------+--------+--------+-----+--------+

Top non-repeatable levels by time:
     D:1: 991 daAuts
     D:3: 74 daAuts
     D:2: 68 daAuts
     D:4: 3 daAuts
